 Dungeon Crawl Stone Soup version 0.29.1-2-gbd0b4ee654 (webtiles) character file.

Game seed: 7147442415371133219

0 DildoBatman the Conjurer (level 1, -1/13 HPs)
             Began as a Formicid Conjurer on Oct 24, 2022.
             Slain by a quokka (3 damage)
             ... on level 2 of the Dungeon.
             The game lasted 00:06:44 (2159 turns).

DildoBatman the Conjurer (Formicid Conjurer)        Turns: 2159, Time: 00:06:45

Health: -1/13      AC:  2    Str: 11    XL:     1   Next: 11%
Magic:  3/3        EV: 12    Int: 17    God:
Gold:   16         SH:  0    Dex: 12    Spells: 3/4 levels left

rFire   . . .      SeeInvis +   (no weapon)
rCold   . . .      Faith    .   (no shield)
rNeg    . . .      Spirit   .   a - +0 robe
rPois   +          Reflect  .   (helmet unavailable)
rElec   .          Harm     .   (no cloak)
rCorr   .          Rampage  .   (no gloves)
Will    .....                   (no boots)
Stlth   ++........              (no amulet)
HPRegen 0.04/turn               c - ring of poison resistance
MPRegen 0.08/turn               (no ring)

@: no status effects
A: permanent stasis, dig shafts and tunnels, antennae 3, four strong arms
a: Dig, Shaft Self


You were on level 2 of the Dungeon.
You visited 1 branch of the dungeon, and saw 2 of its levels.

You collected 16 gold pieces.

Inventory:

Armour
 a - a +0 robe (worn)
Jewellery
 c - a ring of poison resistance (left hand)
Potions
 b - a potion of magic


   Skills:
 * Level 1.7 Dodging
 * Level 2.4 Stealth
 * Level 2.1 Spellcasting
 - Level 3.6 Conjurations


You had 3 spell levels left.
You knew the following spells:

 Your Spells              Type           Power      Damage    Failure   Level
c - Magic Dart            Conj           56%        1d5       4%          1

Your spell library contained the following spells:

 Spells                   Type           Power      Damage    Failure   Level
 Searing Ray              Conj           28%        2d5       6%          2
 Dazzling Flash           Conj/Hex       16%        N/A       26%         3
 Fulminant Prism          Conj/Hex       4%         3d6       65%         4
 Iskenderun's Mystic Bla  Conj/Tloc      8%         2d4       65%         4


Dungeon Overview and Level Annotations

Branches:
Dungeon (2/15)

Altars:

Shops:
D:2 *(


Innate Abilities, Weirdness & Mutations

You cannot be hasted, slowed, berserked, paralysed or teleported.
You can dig through walls and to a lower floor.
You have a pair of large antennae on your head. (SInv)
Your four strong arms can wield two-handed weapons with a shield.


Message History

What are your orders? t - Shout!
Orders for allies: a - Attack new target. r - Retreat! s - Stop attacking. g - Guard the area. f - Follow me.
Anything else - Cancel.
You shout for attention!
You hear a shout!
The endoplasm closely misses you. What are your orders? t - Shout!
Orders for allies: a - Attack new target. r - Retreat! s - Stop attacking. g - Guard the area. f - Follow me.
Anything else - Cancel.
You shout for attention!
A quokka comes into view.
The endoplasm hits you. What are your orders? t - Shout!
Orders for allies: a - Attack new target. r - Retreat! s - Stop attacking. g - Guard the area. f - Follow me.
Anything else - Cancel.
You shout for attention!
The endoplasm misses you. The endoplasm barely misses you.
What are your orders? t - Shout!
Orders for allies: a - Attack new target. r - Retreat! s - Stop attacking. g - Guard the area. f - Follow me.
Anything else - Cancel.
You shout for attention!
A worm comes into view.
A hobgoblin comes into view.
The endoplasm freezes you.
You are frozen.
The quokka bites you.
You die...

.. g. ####.#
....# #...#
#...# #.r.#####.
#.@....<.. {
####.....#### #
#.....J.## ..
#.......# #.
#.......#
#.####.......#
##............#
##..PwP........#
#..[P∩P...∩....#


You could see an endoplasm, a quokka and a hobgoblin.

Vanquished Creatures
  A frilled lizard (D:1)
1 creature vanquished.

Notes
Turn   | Place    | Note
-------+----------+-------------------------------------------
     0 | D:1      | DildoBatman the Formicid Conjurer began the quest for the
                  | Orb.
     0 | D:1      | Reached XP level 1. HP: 13/13 MP: 3/3
  2099 | D:2      | Found Koag's Assorted Antiques.
  2141 | D:2      | Found Ragi's Antique Weapon Boutique.
  2159 | D:2      | Slain by a quokka

Illustrated notes

Levels and vault maps discovered:
D:1:      saegor_arrival_under_anarchy, layout_loops_corners,
          ebering_ecumenical_altar_petrified, minmay_misc_feat_roman
D:2:      layout_loops_cross, serial_shops, nicolae_shop_trees,
          nicolae_shop_overgrown_old_shop, shop, shop, basic_altar

Action                   || total
-------------------------++-------
Melee: Unarmed           ||     4
Dodge: Dodged            ||     7
